 Dungeon Crawl Stone Soup version 0.26-a0-851-g735459dd53 (webtiles) character file.

Game seed: 7697848592915428455

623 EnegeticOcto the Reanimator (level 7, -6/50 HPs)
             Began as a Green Draconian Necromancer on Nov 21, 2020.
             Shot with an arrow by a centaur (13 damage)
             ... on level 5 of the Dungeon.
             The game lasted 00:09:41 (5852 turns).

EnegeticOcto the Reanimator (DrNe)                  Turns: 5852, Time: 00:09:42

Health: -6/50      AC:  7    Str: 11    XL:     7   Next: 22%
Magic:  4/10       EV: 11    Int: 17    God:
Gold:   422        SH:  8    Dex: 11    Spells: 2/10 levels left

rFire    . . .     SeeInvis .   b - +8 long sword
rCold    . . .     Faith    .   m - +0 buckler
rNeg     . . .     Spirit   .   (armour unavailable)
rPois    +         Reflect  +   (helmet restricted)
rElec    .         Harm     .   (no cloak)
rCorr    .         Rampage  .   j - +0 pair of gloves (curse)
MR       .....                  (no boots)
Stlth    ++........             p - amulet of reflection
HPRegen  0.16/turn              (no ring)
MPRegen  0.12/turn              (no ring)

@: no status effects
A: breathe noxious fumes, unfitting armour, poison resistance, cold-blooded, AC
+6
a: Breathe Noxious Fumes


You were on level 5 of the Dungeon.
You visited 1 branch of the dungeon, and saw 5 of its levels.

You collected 422 gold pieces.

Inventory:

Hand Weapons
 b - a +8 long sword (weapon)
   (You found it on level 4 of the Dungeon)
Missiles
 n - 3 poisoned darts (quivered)
Armour
 j - a cursed +0 pair of gloves (worn)
   (You found it on level 4 of the Dungeon)
 m - a +0 buckler (worn)
   (You found it on level 2 of the Dungeon)
Jewellery
 p - an amulet of reflection (around neck)
   (You found it on level 3 of the Dungeon)
Wands
 q - a wand of iceblast (9) {@v2}
   (You took it off Ijyb on level 3 of the Dungeon)
Scrolls
 a - a scroll of enchant weapon
 e - 4 scrolls of amnesia
 f - 3 scrolls of teleportation {@r3 !r}
 h - 2 scrolls of remove curse {@r2}
 o - a scroll of blinking {unknown}
Potions
 c - a potion of might {@q3 !q}
 i - a potion of attraction
 k - 5 potions of curing {@q1 !q}


   Skills:
 - Level 1.7 Dodging
 - Level 3.0 Stealth
 - Level 2.0 Spellcasting
 + Level 8.5 Necromancy


You had 2 spell levels left.
You knew the following spells:

 Your Spells              Type           Power        Failure   Level
a - Pain                  Necr           ####         1%          1
b - Vampiric Draining     Necr           ####......   3%          3
c - Animate Dead          Necr           ####......   10%         4

Your spell library contained the following spells:

 Spells                   Type           Power        Failure   Level
 Animate Skeleton         Necr           ####..       1%          1
 Magic Dart               Conj           #...         32%         1
 Blink                    Tloc           N/A          43%         2
 Call Imp                 Summ           #.......     43%         2
 Slow                     Hex            #.......     43%         2
 Agony                    Necr           ####....     26%         5
 Conjure Flame            Conj/Fire      #.......     67%         3
 Mephitic Cloud           Conj/Pois/Air  #.......     67%         3


Dungeon Overview and Level Annotations

Branches:
Dungeon (5/15)
 Temple: D:4-7

Altars:


Innate Abilities, Weirdness & Mutations

You can breathe blasts of noxious fumes.
Your lurid green scales are hard. (AC +6)
You cannot fit into any form of body armour.
Your system is resistant to poisons. (rPois)
You are cold-blooded and may be slowed by cold attacks.


Message History

There is a stone staircase leading up here.
Found a stone staircase leading down.
Found 11 arrows.
Adjust (i)tems, (s)pells, or (a)bilities?
Adjust which ability?
No such ability.
Okay, then.
Adjust (i)tems, (s)pells, or (a)bilities?
Adjust which ability? f - Breathe Noxious Fumes Adjust to which letter? a - Breathe Noxious Fumes You see here 11 arrows.
You now have 422 gold pieces (gained 9).
You open the door.
There is an open door here.
Found a ring mail.
Found a stone staircase leading up.
A quokka comes into view.
A quokka is nearby!
You block the quokka's attack.
You slash the quokka!
You kill the quokka!
No target in view!
No target in view!
No target in view!
No target in view!
No target in view!
No target in view!
You see here a quokka corpse.
Found a buckler.
Found a robe.
Found 13 sling bullets.
A sky beast comes into view.
A sky beast is nearby!
Found 8 gold pieces.
No target in view!
No target in view!
Found an escape hatch in the ceiling.
An adder comes into view.
Found a viscous amethyst potion.
An adder is nearby!
No target in view!
No target in view!
Found 3 scrolls of identify.
There are monsters nearby!
A giant cockroach comes into view.
The giant cockroach misses you.
Found a notched glass ring.
You barely miss the giant cockroach. You block the giant cockroach's attack.
You slash the giant cockroach!
You kill the giant cockroach!
You closely miss the sky beast.
Your tail-slap misses the sky beast.
The sky beast hits you but does no damage.
You block the sky beast's attack.
You closely miss the sky beast. The adder bites you but does no damage.
The sky beast barely misses you.
You riposte.
You closely miss the sky beast. You block the adder's attack.
You slash the sky beast!
The sky beast is heavily wounded.
You block the adder's attack.
The sky beast hits you but does no damage.
The adder closely misses you.
You hit the sky beast.
The sky beast is heavily wounded.
The sky beast misses you. The adder bites you but does no damage.
The sky beast hits you. The sky beast shocks you. You block the adder's attack.
You hit the sky beast.
The sky beast is severely wounded.
You block the adder's attack. You block the sky beast's attack.
A centaur comes into view.
Your shield prevents you from hitting the sky beast.
The centaur shouts!
You tail-slap the sky beast.
The sky beast is almost dead.
You block the adder's attack.
The centaur wields a +0 shortbow.
The centaur shoots an arrow.
The arrow barely misses you. The sky beast hits you. The sky beast shocks you.
The adder bites you but does no damage. The sky beast hits you.
The sky beast shocks you.
The centaur shoots an arrow.
The arrow hits you!
* * * LOW HITPOINT WARNING * * *
Casting: Animate Dead (dangerous; 10% risk of failure)
Confirm with . or Enter, or press ? or * to list all spells.
Press: ? - help, Shift-Dir - straight line, f - sky beast
Aim: a sky beast (almost dead)
The sky beast is almost dead.
You feel life coursing into your body. The adder bites you but does no damage.
The centaur shoots an arrow.
The arrow hits you.
* * * LOW HITPOINT WARNING * * *
The sky beast hits you but does no damage.
The adder bites you.
* * * LOW HITPOINT WARNING * * *
Casting: Vampiric Draining (dangerous; 3% risk of failure)
Confirm with . or Enter, or press ? or * to list all spells.
Aiming: Vampiric Draining (dangerous; 3% risk of failure)
Press: ? - help, Shift-Dir - straight line, f/p - sky beast
Aim: a sky beast (almost dead)
You kill the sky beast!
The centaur shoots an arrow.
The arrow hits you!
You die...

..# #.....# ### #.....#
### ... ## #[....# #..
.... .#
#.....###.###..... .# !
#.##....#.....=... .#.
..#.##....#..##.....
..............[.....?...
.................S......
.#########....#.@†#.##
.# #......(#...# ##
#.......#......
#....$..#.....#.. #
#....<####...## #
#.....# ##... # #######
###. .c


You could see a centaur and an adder.

Vanquished Creatures
  A sky beast (D:5)
  A phantom (D:4)
  2 scorpions (D:4)
  2 orc priests (D:4)
  2 hounds (D:3)
  4 orc wizards
  Ijyb (D:3)
  A gnoll (D:3)
  6 adders
  3 worms
  5 dart slugs
  6 leopard geckos
  22 orcs
  3 ball pythons
  4 giant cockroaches
  8 goblins
  3 hobgoblins
  2 jackals (D:3)
  5 kobolds
  3 quokkas
  5 bats
  5 frilled lizards
  A jackal skeleton (D:4)
  2 rats
97 creatures vanquished.

Notes
Turn   | Place    | Note
-------+----------+-------------------------------------------
     0 | D:1      | EnegeticOcto the Draconian Necromancer began the quest for
                  | the Orb.
     0 | D:1      | Reached XP level 1. HP: 14/14 MP: 3/3
   112 | D:1      | Reached skill level 2 in Stealth
   236 | D:1      | Reached XP level 2. HP: 14/20 MP: 0/5
  1648 | D:2      | Reached XP level 3. HP: 24/26 MP: 3/6
  1679 | D:2      | Learned a level 3 spell: Vampiric Draining
  2443 | D:2      | Reached skill level 3 in Stealth
  2713 | D:3      | Reached skill level 5 in Necromancy
  2978 | D:3      | Reached XP level 4. HP: 32/33 MP: 5/7
  3567 | D:3      | Reached skill level 6 in Necromancy
  3567 | D:3      | Reached XP level 5. HP: 34/38 MP: 3/8
  4064 | D:3      | Noticed Ijyb
  4081 | D:3      | Killed Ijyb
  4193 | D:3      | Reached XP level 6. HP: 34/45 MP: 5/9
  4413 | D:4      | Learned a level 4 spell: Animate Dead
  4580 | D:4      | Reached skill level 7 in Necromancy
  5246 | D:4      | Reached skill level 8 in Necromancy
  5278 | D:4      | Your scales start taking on a lurid green colour.
  5278 | D:4      | Reached XP level 7. HP: 35/50 MP: 7/10
  5278 | D:4      | Gained mutation: Your system is resistant to poisons.
                  | (rPois) [Green Draconian growth]
  5733 | D:5      | Entered Level 5 of the Dungeon
  5852 | D:5      | Shot with an arrow by a centaur

Illustrated notes

Levels and vault maps discovered:
D:1:      saegor_arrival_simple_d, layout_basic, minmay_misc_feat_tiny,
          minmay_misc_feat_hallway
D:2:      layout_rooms
D:3:      layout_basic, cheibrodos_gnoll_hut, uniq_ijyb
D:4:      minmay_wonky_spiral, layout_loops_corners
D:5:      layout_basic, kennysheep_mini_moat, minmay_misc_feat_square,
          solitary_fountain

Skill      XL: |  1  2  3  4  5  6 |
---------------+-------------------+-----
Stealth        | 2 3 |  3.0
Necromancy     | 5 6 8 |  8.5
Dodging        | |  1.7
Spellcasting   | |  2.0

Action                   |  1- 3 |  4- 6 |  7- 9 || total
-------------------------+-------+-------+-------++-------
Melee: Hand axe          |    23 |    40 |       ||    63
       Tailslap          |     1 |     5 |     2 ||     8
       Long sword        |       |    23 |    28 ||    51
 Cast: Pain              |    84 |    81 |       ||   165
       Vampiric Draining |       |     3 |     4 ||     7
       Animate Dead      |       |       |     1 ||     1
 Abil: Breathe Noxious F |       |       |     3 ||     3
  Use: Scroll            |       |     9 |       ||     9
 Stab: Sleeping          |       |     1 |       ||     1
       Confused          |       |       |     1 ||     1
Armor: Skin              |    15 |    26 |     9 ||    50
Dodge: Dodged            |    34 |    43 |    11 ||    88
Block: Buckler           |     1 |    16 |    15 ||    32
       Rpst.: Long sword |       |     1 |     1 ||     2

Table legend: (Time is in decaauts)
 A = Elapsed time spent in this place.
 B = Non-inter-level travel time spent in this place.
 C = Inter-level travel time spent in this place.
 D = Time resting spent in this place.
 E = Time spent auto-exploring this place.
 F = Levels seen in this place.
 G = Mean time per level.
                   A        B        C        D        E       F      G
               +--------+--------+--------+--------+--------+-----+--------+
         Total |   5897 |   5663 |    234 |    817 |   3771 |   5 | 1179.4 |
       Dungeon |   5897 |   5663 |    234 |    817 |   3771 |   5 | 1179.4 |
               +--------+--------+--------+--------+--------+-----+--------+

Top non-repeatable levels by time:
     D:3: 1659 daAuts
     D:1: 1650 daAuts
     D:4: 1349 daAuts
     D:2: 1115 daAuts
     D:5: 122 daAuts
